 Dungeon Crawl Stone Soup version 0.14-a0-629-g748cab2 (webtiles) character file.

319 Malachi the Insei (level 6, 0/39 HPs)
             Began as an Octopode Transmuter on Nov 5, 2013.
             Slain by a phantom (9 damage)
             ... on Level 3 of the Dungeon.
             The game lasted 00:07:07 (3732 turns).

Malachi the Insei (Octopode Transmuter)             Turns: 3732, Time: 00:07:07

HP   0/39        AC  1     Str  9      XL: 6   Next:  6%
MP   9/9         EV 19     Int 18      God:
Gold 83          SH  0     Dex 17      Spells:  3 memorised,  3 levels left

Res.Fire  : . . .   See Invis. : +     - Unarmed
Res.Cold  : . . .   Warding    : .   (no shield)
Life Prot.: . . .   Conserve   : .   (helmet restricted)
Res.Poison: +       Res.Corr.  : .   (no amulet)
Res.Elec. : .       Clarity    : .   u - cursed ring of poison resistance
Sust.Abil.: . .     Spirit.Shd : .   x - ring of see invisible
Res.Mut.  : .       Stasis     : .   (no ring)
Res.Rott. : .       Flight     : .   (no ring)
Saprovore : . . .                    (no ring)
                                     (no ring)
                                     (no ring)
                                     (no ring)

@: agile, slightly resistant to hostile enchantments, very stealthy
A: almost no armour, amphibious, 8 rings, constrict 8, camouflage 1, AC +1
a: no special abilities


You were on level 3 of the Dungeon.
You were hungry.

You visited 1 branch of the dungeon, and saw 4 of its levels.

You collected 83 gold pieces.

Inventory:

Missiles
 b - 38 arrows
Comestibles
 a - 3 bread rations
 f - 2 meat rations
 A - 2 rotting chunks of orc flesh
Scrolls
 e - a scroll of curse jewellery
 g - 2 scrolls of teleportation {unknown}
 i - a scroll of amnesia
 l - a scroll of noise
 n - 3 scrolls of identify
 p - 5 scrolls of remove curse
 s - 2 scrolls of blinking {unknown}
 t - a scroll of fog {unknown}
Jewellery
 u - a cursed ring of poison resistance (left tentacle)
 x - a ring of see invisible (right tentacle)
Potions
 c - a potion of heal wounds {unknown}
 h - a potion of poison {unknown}
 j - a potion of flight {unknown}
 k - a potion of brilliance {unknown}
 m - a potion of magic {unknown}
 o - a potion of resistance {unknown}
 q - a potion of restore abilities {unknown}
 r - 2 potions of agility
 v - a potion of curing
 z - a potion of cure mutation {unknown}
Books
 d - a book of Changes

   Spells                             Type                      Level
   *Beastly Appendage                 Transmutation                1
   *Sticks to Snakes                  Transmutation                2
   *Spider Form                       Transmutation/Poison         3
   Ice Form                           Ice/Transmutation            4
   Blade Hands                        Transmutation                5


   Skills:
 + Level 1.8 Fighting
 + Level 3.7 Dodging
 - Level 1.3 Stealth
 * Level 4.8 Unarmed Combat
 - Level 2.0 Spellcasting
 + Level 2.8 Transmutations


You had 3 spell levels left.
You knew the following spells:

 Your Spells              Type           Power        Failure   Level  Hunger
a - Beastly Appendage     Trmt           ##....       8%          1    #......
b - Sticks to Snakes      Trmt           ##........   12%         2    ##.....
c - Spider Form           Trmt/Pois      #.........   34%         3    ####...


Dungeon Overview and Level Annotations

Branches:
Dungeon (4/27)
 Temple: D:4-7

Altars:
Sif Muna

Annotations:
D:3 exclusion: phantom


Innate Abilities, Weirdness & Mutations

You cannot wear most types of armour.
You are amphibious.
You can wear up to eight rings at the same time.*
You can use your tentacles to constrict many enemies at once.*
Your skin changes colour to match your surroundings (Stlth).*
Your rubbery body absorbs attacks (AC +1).*


Message History

* * * LOW HITPOINT WARNING * * *
There is a stone staircase leading down here.
Unknown command.
You hit the phantom.
The phantom is heavily damaged.
The phantom hits you.
* * * LOW HITPOINT WARNING * * *
You hit the phantom.
The phantom is severely damaged.
The phantom hits you!
* * * LOW HITPOINT WARNING * * *
Drink which item? (? for menu, Esc to quit)
You feel more agile all of a sudden.
It was a potion of agility.
The phantom completely misses you.
Drink which item? (? for menu, Esc to quit)
You feel better.
It was a potion of curing.
The phantom barely misses you.
You hit the phantom.
The phantom is severely damaged.
The phantom hits you!
You die...

...##....# ...##....# #####
...##....# #...#
...##....############# #...#
...##....##..........########...#
...................(.(.((.).....#
...####.###..........#######.####
...####.###................#.#
................@..).[.....#.#
.######.###......p.[.......#.#
.######.###................#.#
...........................#.#
#######.###..........###.###.# #
#.# ##########.# #.# #.# # #.#
##########.# #.# #.# # #.#
#..........# #.###.## #######.#
#..........# #.##...#


You could see a phantom.

Vanquished Creatures
  3 orc wizards (D:3)
  Jessica (D:2)
  5 adders
  A giant mite (D:3)
  3 worms
  4 giant geckos
  An ooze (D:1)
  6 orcs (D:3)
  2 ball pythons
  8 bats
  3 giant cockroaches
  3 goblins
  6 hobgoblins
  4 kobolds
  A quokka (D:3)
  3 giant newts
  4 jackals
  4 rats
62 creatures vanquished.

Notes
Turn   | Place    | Note
--------------------------------------------------------------
     0 | D:1      | Malachi, the Octopode Transmuter, began the quest for the Orb.
     0 | D:1      | Reached XP level 1. HP: 13/13 MP: 1/1
   321 | D:1      | Reached XP level 2. HP: 18/18 MP: 0/3
   328 | D:1      | Learned a level 2 spell: Sticks to Snakes
   954 | D:1      | Reached XP level 3. HP: 17/23 MP: 1/4
  1648 | D:2      | Noticed Jessica
  1656 | D:2      | Killed Jessica
  1656 | D:2      | Reached skill level 4 in Unarmed Combat
  1703 | D:2      | Reached XP level 4. HP: 10/28 MP: 4/6
  2146 | D:2      | Found a deep blue altar of Sif Muna.
  2426 | D:3      | Reached skill level 1 in Stealth
  2704 | D:3      | Noticed a phantom
  2713 | D:3      | Learned a level 3 spell: Spider Form
  2758 | D:3      | Reached XP level 5. HP: 24/33 MP: 5/7
  3434 | D:3      | Reached XP level 6. HP: 20/39 MP: 9/9
  3732 | D:3      | Slain by a phantom

Action                   |  1- 3 |  4- 6 || total
-------------------------+-------+-------++-------
Melee: Unarmed           |    73 |   113 ||   186
 Cast: Beastly Appendage |    18 |    11 ||    29
  Use: Scroll            |       |     5 ||     5
       Potion            |       |     2 ||     2
 Stab: Sleeping          |     1 |     2 ||     3
